 Dungeon Sprint DCSS version 0.31-a0-1-g4198be8af4 (webtiles) character file.

Game seed: 526037552718310918

5300000 123456 the Grand Master (level 24, -22/266 HPs)
             Began as an Armataur Gladiator on May 1, 2023.
             Was the Champion of Makhleb.
             Annihilated by a destroyer
             ... wielding a +9 heavy great sword
              (165 damage)
             ... in the Dungeon (Sprint VIII: "Arena of Blood").
             The game lasted 00:01:23 (53 turns).

123456 the Grand Master (Armataur Gladiator)          Turns: 53, Time: 00:01:23

Health: -22/266    AC: 10    Str: 21    XL:     24   Next: 58%
Magic:  23/41      EV: 30    Int:  9    God:    Makhleb [******]
Gold:   0          SH:  0    Dex: 22    Spells: 51/51 levels left

rFire   . . .        k - +∞ Axe of Woe
rCold   . . .        (shield currently unavailable)
rNeg    . . .        a - +0 leather armour
rPois   .            b - +0 helmet
rElec   .            (no cloak)
rCorr   .            (no gloves)
SInv    .            (no barding)
Will    +....        (no amulet)
Stlth   ++++++++     (no ring)
HPRegen 0.64/turn    (no ring)
MPRegen 0.27/turn

%: no teleportation, roll
@: no status effects
A: large, rugged brown scales 3, deformed body, armoured tail, roll, long
tongue, awkward tongue
a: Renounce Religion, Minor Destruction, Lesser Servant of Makhleb, Major
Destruction, Greater Servant of Makhleb


You were in the Dungeon.
You worshipped Makhleb.
Makhleb was exalted by your worship.
You visited 1 branch

Inventory:

Hand Weapons
 k - the +∞ Axe of Woe (weapon)
   (You found it in the Dungeon)
Missiles
 c - 3 throwing nets (quivered)
 d - a javelin
Armour
 a - a +0 leather armour (worn)
 b - a +0 helmet (worn)
Scrolls
 j - a scroll of blinking
Potions
 e - a potion of curing
 f - a potion of heal wounds
 g - a potion of haste
 h - 2 potions of magic
 i - a potion of berserk rage


   Skills:
 O Level 27 Fighting
 + Level 17.3(19.7) Short Blades
 + Level 15.6(18.9) Long Blades
 O Level 27 Axes
 + Level 15.6(25.6) Maces & Flails
 + Level 14.4(23.8) Polearms
 + Level 15.6(20.5) Staves
 + Level 13.3 Ranged Weapons
 O Level 27 Throwing
 O Level 27 Armour
 O Level 27 Dodging
 + Level 19.9 Stealth
 + Level 18.4 Shields
 O Level 27 Unarmed Combat
 + Level 14.4 Spellcasting
 + Level 15.6 Conjurations
 + Level 15.6 Hexes
 + Level 16.0 Summonings
 + Level 16.0 Necromancy
 + Level 18.8 Translocations
 + Level 17.3 Transmutations
 + Level 17.3 Fire Magic
 + Level 17.3 Ice Magic
 + Level 17.3 Air Magic
 + Level 17.3 Earth Magic
 + Level 17.3 Poison Magic
 + Level 18.8 Invocations
 + Level 18.8 Evocations


You had 51 spell levels left.
You didn't know any spells.
Your spell library was empty.

Dungeon Overview and Level Annotations

Branches:
Dungeon (1/1)

Altars:
Makhleb


Innate Abilities, Weirdness & Mutations

You are completely covered in rugged brown scales. (AC +3, +7% HP)
Armour fits poorly on your strangely shaped body.
You have a long armoured tail.
You roll when moving toward enemies. (Rampage)
Your long tongue fully drains potion bottles. (2x potion effects)
Your tongue gives you trouble enunciating. (1.5x scroll delay)


Message History

Your Spellcasting skill increases to level 14!
Your Transmutations skill increases to level 17!
Your Fire Magic skill increases to level 17!
Your Ice Magic skill increases to level 17!
Your Air Magic skill increases to level 17!
Your Earth Magic skill increases to level 17!
Your Poison Magic skill increases to level 17!
The bag of meat shouts!
You slice the tyrant like a ripe choko!!!
You butcher the tyrant messily.
You destroy the tyrant!
Makhleb accepts your kill.
You feel better.
The tentacled monstrosity disappears in a puff of smoke!
The large abomination disappears in a puff of smoke!
You hear a shout! x2
The destroyer gestures at you while chanting.
The destroyer blinks!
A destroyer comes into view. It is wielding a +9 heavy great sword.
The tyrant gestures wildly while chanting.
The tyrant seems to speed up.
You hear a shout!
Your Summonings skill increases to level 16!
Your Necromancy skill increases to level 16!
Unknown command.
Unknown command.
Unknown command.
Unknown command.
Unknown command.
You roll towards the bag of meat! 2 bags of meat come into view.
A meat berserker and a destroyer come into view.
The destroyer is wielding a +9 heavy great sword.
The meat berserker appears out of thin air!
A meat berserker comes into view. It is wielding a +9 battleaxe.
The destroyer shouts!
The bag of meat shouts!
The meat berserker shouts!
You hear a shout! x3
The destroyer hits you with a +9 heavy great sword!!!!!
Ouch! That really hurt!
You die...

.
...#.)).°#......#
......_))).......
......###)).......
.###...§OO)###....
.. #§..§)○D#......
...#..§§☼§)#......
.O.......§○)......
.oV...V..§§....#..
Vo.o.§.@..)...#...
.......L)...##....
..#........#o.....
.......§...#..O###
.##.#..L.........
.................
#....#.....####...
............ ...


You could see 2 tyrants, an eight-headed meat hydra, 3 destroyers, a large bag
of meat (inner flame), 3 meat berserkers and 4 bags of meat.

Vanquished Creatures
  13 vampire knights (D)
  16 ogres (D)
  4 two-headed ogres (D)
  2 liches (D)
  36 orcs (D)
  5 skeletal warriors (D)
76 creatures vanquished.

Vanquished Creatures (others)
  2 orcs (D)
2 creatures vanquished.

Grand Total: 78 creatures vanquished

Notes
Turn   | Place    | Note
-------+----------+-------------------------------------------
     0 | D        | Found the +∞ Axe of Woe
     0 | D        | 123456 the Armataur Gladiator began the quest for the Orb.
     0 | D        | Reached XP level 1. HP: 18/18 MP: 1/1
     1 | D        | Noticed a meat berserker
     2 | D        | Noticed a bag of meat
     4 | D        | Became a worshipper of Makhleb the Destroyer
     5 | D        | Noticed a bag of meat
     5 | D        | Noticed a bag of meat
     6 | D        | Killed a meat berserker
     6 | D        | Noticed a meat berserker
     7 | D        | Reached XP level 2. HP: 39/39 MP: 2/2
     7 | D        | Reached XP level 3. HP: 47/47 MP: 3/3
     7 | D        | Reached XP level 4. HP: 53/53 MP: 4/4
     7 | D        | Reached XP level 5. HP: 60/60 MP: 5/5
     7 | D        | Reached XP level 6. HP: 68/68 MP: 6/6
     7 | D        | Reached XP level 7. HP: 74/74 MP: 7/7
     7 | D        | Reached XP level 8. HP: 83/83 MP: 8/8
     7 | D        | Reached XP level 9. HP: 89/89 MP: 9/9
     7 | D        | Reached XP level 10. HP: 97/97 MP: 10/10
     7 | D        | Reached XP level 11. HP: 103/103 MP: 11/11
     7 | D        | Noticed a bag of meat
     8 | D        | Noticed a bag of meat
     8 | D        | Noticed a meat berserker
     8 | D        | Noticed a bag of meat
     8 | D        | Noticed a bag of meat
     9 | D        | Killed a meat berserker
     9 | D        | Reached * piety under Makhleb
     9 | D        | Noticed a meat berserker
    10 | D        | Reached skill level 5 in Axes
    10 | D        | Reached XP level 12. HP: 117/117 MP: 12/12
    10 | D        | Reached XP level 13. HP: 124/124 MP: 13/13
    10 | D        | Killed a bag of meat
    10 | D        | Killed a bag of meat
    10 | D        | Killed a bag of meat
    10 | D        | Reached ** piety under Makhleb
    10 | D        | Noticed a meat berserker
    11 | D        | Reached XP level 14. HP: 135/135 MP: 14/14
    11 | D        | Killed a bag of meat
    11 | D        | Noticed a bag of meat
    12 | D        | Reached skill level 1 in Armour
    12 | D        | Killed a meat berserker
    12 | D        | Killed a meat berserker
    12 | D        | Reached *** piety under Makhleb
    12 | D        | Noticed a meat berserker
    12 | D        | Noticed a bag of meat
    13 | D        | Reached XP level 15. HP: 78/147 MP: 15/15
    13 | D        | Killed a meat berserker
    13 | D        | Reached **** piety under Makhleb
    13 | D        | Noticed a meat berserker
    14 | D        | Reached skill level 15 in Fighting
    14 | D        | Reached skill level 15 in Axes
    14 | D        | Reached skill level 5 in Armour
    14 | D        | Reached XP level 16. HP: 140/159 MP: 16/16
    15 | D        | Killed a meat berserker
    16 | D        | Reached skill level 27 in Unarmed Combat
    19 | D        | Reached skill level 15 in Throwing
    19 | D        | Reached ***** piety under Makhleb
    19 | D        | Noticed a destroyer
    19 | D        | Noticed a meat berserker
    20 | D        | Reached XP level 17. HP: 173/173 MP: 17/17
    20 | D        | Noticed a destroyer
    21 | D        | Noticed a destroyer
    21 | D        | Noticed a large bag of meat
    22 | D        | Killed a destroyer
    23 | D        | Reached skill level 10 in Armour
    23 | D        | Killed a destroyer
    24 | D        | Reached skill level 27 in Axes
    24 | D        | Reached skill level 27 in Dodging
    24 | D        | Reached XP level 18. HP: 194/194 MP: 18/18
    24 | D        | Killed a meat berserker
    24 | D        | Reached ****** piety under Makhleb
    26 | D        | Killed a destroyer
    26 | D        | Noticed a meat berserker
    26 | D        | Noticed a meat berserker
    27 | D        | Reached skill level 27 in Fighting
    27 | D        | Reached XP level 19. HP: 221/221 MP: 19/19
    28 | D        | Noticed a destroyer
    30 | D        | Noticed a meat berserker
    30 | D        | Noticed an eight-headed meat hydra
    30 | D        | Noticed a large bag of meat
    30 | D        | Noticed a meat berserker
    30 | D        | Noticed a large bag of meat
    30 | D        | Killed a large bag of meat
    31 | D        | Killed a meat berserker
    31 | D        | Noticed a meat berserker
    32 | D        | Reached skill level 27 in Armour
    32 | D        | Noticed a large bag of meat
    32 | D        | Noticed a meat berserker
    32 | D        | Noticed a destroyer
    32 | D        | Noticed a destroyer
    34 | D        | Reached skill level 27 in Throwing
    34 | D        | Reached XP level 20. HP: 231/231 MP: 20/20
    34 | D        | Killed a meat berserker
    34 | D        | Killed a meat berserker
    34 | D        | Noticed a destroyer
    34 | D        | Noticed a destroyer
    34 | D        | Noticed a destroyer
    35 | D        | Reached skill level 5 in Long Blades
    35 | D        | Reached skill level 5 in Maces & Flails
    35 | D        | Reached skill level 5 in Staves
    35 | D        | Reached skill level 5 in Conjurations
    35 | D        | Reached skill level 5 in Hexes
    35 | D        | Reached skill level 5 in Summonings
    35 | D        | Reached skill level 5 in Necromancy
    35 | D        | Killed a meat berserker
    36 | D        | Reached skill level 5 in Ranged Weapons
    36 | D        | Killed a destroyer
    36 | D        | Killed a meat berserker
    37 | D        | Reached skill level 10 in Shields
    37 | D        | Reached skill level 10 in Translocations
    37 | D        | Reached skill level 10 in Invocations
    37 | D        | Reached skill level 10 in Evocations
    37 | D        | Reached XP level 21. HP: 121/239 MP: 20/32
    37 | D        | Noticed a destroyer
    37 | D        | Killed a large bag of meat
    37 | D        | Noticed a destroyer
    38 | D        | Reached skill level 10 in Short Blades
    38 | D        | Reached skill level 10 in Transmutations
    38 | D        | Reached skill level 10 in Fire Magic
    38 | D        | Reached skill level 10 in Ice Magic
    38 | D        | Reached skill level 10 in Air Magic
    38 | D        | Reached skill level 10 in Earth Magic
    38 | D        | Reached skill level 10 in Poison Magic
    39 | D        | Killed a destroyer
    40 | D        | Reached skill level 10 in Summonings
    40 | D        | Reached skill level 10 in Necromancy
    40 | D        | Noticed a destroyer
    41 | D        | Reached skill level 10 in Long Blades
    41 | D        | Reached skill level 10 in Maces & Flails
    41 | D        | Reached skill level 10 in Staves
    41 | D        | Reached skill level 10 in Conjurations
    41 | D        | Reached skill level 10 in Hexes
    41 | D        | Reached XP level 22. HP: 230/249 MP: 20/35
    41 | D        | Noticed a tyrant
    41 | D        | Killed a destroyer
    41 | D        | Killed a large bag of meat
    42 | D        | Reached skill level 10 in Polearms
    42 | D        | Reached skill level 10 in Spellcasting
    42 | D        | Killed a destroyer
    42 | D        | Killed a destroyer
    42 | D        | Noticed a destroyer
    42 | D        | Noticed a destroyer
    43 | D        | Reached skill level 10 in Ranged Weapons
    43 | D        | Reached skill level 15 in Translocations
    43 | D        | Reached skill level 15 in Invocations
    43 | D        | Reached skill level 15 in Evocations
    43 | D        | Reached XP level 23. HP: 249/256 MP: 21/38
    43 | D        | Killed a destroyer
    44 | D        | Reached skill level 15 in Shields
    44 | D        | Killed a destroyer
    45 | D        | Reached skill level 15 in Short Blades
    45 | D        | Killed a destroyer
    45 | D        | Killed a destroyer
    45 | D        | Killed a large bag of meat
    46 | D        | Reached skill level 15 in Transmutations
    46 | D        | Reached skill level 15 in Fire Magic
    46 | D        | Reached skill level 15 in Ice Magic
    46 | D        | Reached skill level 15 in Air Magic
    46 | D        | Reached skill level 15 in Earth Magic
    46 | D        | Reached skill level 15 in Poison Magic
    48 | D        | Reached XP level 24. HP: 81/266 MP: 22/40
    48 | D        | Killed a destroyer
    48 | D        | Noticed a tyrant
    49 | D        | Reached skill level 15 in Summonings
    49 | D        | Reached skill level 15 in Necromancy
    49 | D        | Noticed a tyrant
    50 | D        | Reached skill level 15 in Long Blades
    50 | D        | Reached skill level 15 in Maces & Flails
    50 | D        | Reached skill level 15 in Staves
    50 | D        | Reached skill level 15 in Conjurations
    50 | D        | Reached skill level 15 in Hexes
    50 | D        | Noticed a tyrant
    50 | D        | Noticed a large bag of meat
    51 | D        | Killed a tyrant
    52 | D        | Killed a tyrant
    52 | D        | Noticed a destroyer
    53 | D        | Noticed a destroyer
    53 | D        | Annihilated by a destroyer

Illustrated notes

Levels and vault maps discovered:
D:        meatsprint

Skill      XL: |  1  2  3  4  5  6  7  8  9 10 11 12 13 14 15 16 17 18 19 20 21 22 23 24 |
---------------+-------------------------------------------------------------------------+-----
Fighting       | 9 11 12 14 15 17 21 27 | 27.0
Axes           | 3 5 8 12 15 21 27 | 27.0
Throwing       | 9 11 12 13 14 15 16 20 27 | 27.0
Dodging        | 14 16 18 21 22 24 27 | 27.0
Unarmed Combat | 17 19 22 24 26 27 | 27.0
Armour         | 3 5 8 11 18 27 | 27.0
Short Blades   | 9 11 14 16 17 | 17.3
Long Blades    | 8 10 12 14 15 | 15.6
Maces & Flails | 8 10 12 14 15 | 15.6
Polearms       | 7 9 11 13 14 | 14.4
Staves         | 8 10 12 14 15 | 15.6
Ranged Weapons | 7 8 10 12 13 | 13.3
Stealth        | 11 13 16 18 19 | 19.9
Shields        | 10 12 14 17 18 | 18.4
Spellcasting   | 7 9 11 13 14 | 14.4
Conjurations   | 8 10 12 14 15 | 15.6
Hexes          | 8 10 12 14 15 | 15.6
Summonings     | 8 10 12 14 16 | 16.0
Necromancy     | 8 10 12 14 16 | 16.0
Translocations | 10 12 15 17 18 | 18.8
Transmutations | 9 11 13 16 17 | 17.3
Fire Magic     | 9 11 13 16 17 | 17.3
Ice Magic      | 9 11 13 16 17 | 17.3
Air Magic      | 9 11 13 16 17 | 17.3
Earth Magic    | 9 11 13 16 17 | 17.3
Poison Magic   | 9 11 13 16 17 | 17.3
Invocations    | 10 12 15 17 18 | 18.8
Evocations     | 10 12 15 17 18 | 18.8

Action                     |  1- 3 |  4- 6 |  7- 9 | 10-12 | 13-15 | 16-18 | 19-21 | 22-24 || total
---------------------------+-------+-------+-------+-------+-------+-------+-------+-------++-------
  Melee: Executioner's axe |     1 |       |       |     1 |     4 |    11 |    12 |    11 ||    40
  Dodge: Dodged            |       |       |       |     1 |       |       |       |       ||     1

Table legend: (Time is in decaauts)
 A = Elapsed time spent in this place.
 B = Non-inter-level travel time spent in this place.
 C = Inter-level travel time spent in this place.
 D = Time resting spent in this place.
 E = Time spent auto-exploring this place.
 F = Levels seen in this place.
 G = Mean time per level.
                   A        B        C        D        E       F      G
               +--------+--------+--------+--------+--------+-----+--------+
         Total |     47 |     47 |      0 |      0 |      0 |   1 |   47.0 |
       Dungeon |     47 |     47 |      0 |      0 |      0 |   1 |   47.0 |
               +--------+--------+--------+--------+--------+-----+--------+

Top non-repeatable levels by time:
       D: 47 daAuts
